 Dungeon Crawl Stone Soup version 0.19.1-1-g22dce08 (webtiles) character file.

61 M4edhros the Charlatan (level 4, -1/28 HPs)
             Began as an Octopode Artificer on Dec 31, 2016.
             Succumbed to Ijyb's poison
             ... on level 2 of the Dungeon.
             The game lasted 00:01:21 (405 turns).

M4edhros the Charlatan (Octopode Artificer)          Turns: 405, Time: 00:01:21

Health: -1/28      AC:  1    Str: 11    XL:     4   Next: 7%
Magic:  7/7        EV: 13    Int: 13    God:
Gold:   10         SH:  0    Dex: 13    Spells: 0 memorised, 3 levels left

rFire  . . .     SeeInvis .     a - +0 short sword
rCold  . . .     Gourm    .     (no shield)
rNeg   . . .     Faith    .     (helmet restricted)
rPois  .         Spirit   .     e - amulet of magic regeneration
rElec  .         Reflect  .     h - +3 ring of slaying
rCorr  .         Harm     .     (no ring)
MR     .....                    (no ring)
Stlth  +++.......               (no ring)
                                (no ring)
                                (no ring)
                                (no ring)
                                (no ring)

@: lethally poisoned (-1 -> -22), exhausted, slowed, very slow
A: almost no armour, stealthy swim, amphibious, 8 rings, constrict 8, camouflage
1, gelatinous body 1
a: no special abilities


You were on level 2 of the Dungeon.
You were not hungry.

You visited 1 branch of the dungeon, and saw 2 of its levels.

You collected 10 gold pieces.

Inventory:

Hand Weapons
 a - a +0 short sword (weapon)
Jewellery
 e - an amulet of magic regeneration (around mantle)
 h - a +3 ring of slaying (left tentacle)
Wands
 b - a wand of flame (13/48)
 c - a wand of enslavement (7/24)
 d - a wand of random effects (13/48)
Scrolls
 i - 4 scrolls of identify {unknown}
Potions
 g - 2 potions of might
Comestibles
 f - a bread ration


   Skills:
 - Level 1.0 Fighting
 - Level 1.0 Short Blades
 - Level 2.0 Dodging
 + Level 3.9 Stealth
 + Level 4.4 Evocations


You had 3 spell levels left.
You didn't know any spells.

Dungeon Overview and Level Annotations

Branches:
Dungeon (2/15)

Altars:


Innate Abilities, Weirdness & Mutations

You cannot wear most types of armour.
You are very stealthy in the water. (Stealth+)
You are amphibious.
You can wear up to eight rings at the same time.
You can use your tentacles to constrict eight enemies at once.
Your skin changes colour to match your surroundings (Stealth+).
Your rubbery body absorbs attacks. (AC +1, EV +1)


Message History

* * * LOW HITPOINT WARNING * * *
You feel sick.
Things that are here:
a dagger of venom; a leather armour You feel a strong urge to attack something.
* * * LOW HITPOINT WARNING * * *
You feel sick.
* * * LOW HITPOINT WARNING * * *
You feel sick.
You feel your anger subside.
You are no longer berserk.
You are exhausted.
You feel yourself slow down.
* * * LOW HITPOINT WARNING * * *
You feel sick.
* * * LOW HITPOINT WARNING * * *
You feel very sick.
You see here 10 gold pieces.
Okay, then.
Okay, then.
You die...

#.# #.#
#.#######
#######........
....<.†....####
######.).....###
#............#
#.##.......#.. #
####.@.###
#....$.#
....#.#.##
#.#...#.#
#....##.# ###..
#.# #.. #.# #.
#.# #.#


There were no monsters in sight!

Vanquished Creatures
  Ijyb (D:2)
  3 gnolls (D:2)
  A giant cockroach (D:2)
  A hobgoblin (D:2)
  A quokka (D:2)
  A bat (D:1)
  A kobold (D:1)
  A rat (D:1)
10 creatures vanquished.

Vanquished Creatures (collateral kills)
  A quokka (D:2)
1 creature vanquished.

Vanquished Creatures (others)
  A gnoll (D:2)
  An adder (D:2)
2 creatures vanquished.

Grand Total: 13 creatures vanquished

Notes
Turn   | Place    | Note
-------+----------+-------------------------------------------
     0 | D:1      | M4edhros the Octopode Artificer began the quest for the Orb.
     0 | D:1      | Reached XP level 1. HP: 13/13 MP: 3/3
   227 | D:2      | Reached XP level 2. HP: 18/18 MP: 4/4
   286 | D:2      | Reached XP level 3. HP: 23/23 MP: 5/5
   306 | D:2      | Reached skill level 4 in Evocations
   386 | D:2      | Noticed Ijyb
   398 | D:2      | Killed Ijyb
   398 | D:2      | Reached XP level 4. HP: 14/28 MP: 7/7
   404 | D:2      | HP: 1/28 [poisoned by Ijyb]
   405 | D:2      | Succumbed to Ijyb's poison

Skill      XL: |  1  2  3 |
---------------+----------+-----
Stealth        | 2 3 |  3.9
Evocations     | 4 |  4.4
Fighting       | |  1.0
Short Blades   | |  1.0
Dodging        | |  2.0

Action                   |  1- 3 |  4- 6 || total
-------------------------+-------+-------++-------
Melee: Short sword       |    20 |     1 ||    21
       Constrict         |     6 |       ||     6
       Tentacles         |     5 |       ||     5
Evoke: Wand              |    12 |       ||    12
  Use: Potion            |     1 |       ||     1
 Stab: Sleeping          |     2 |       ||     2
Armor: Skin              |     1 |       ||     1
Dodge: Dodged            |    15 |     1 ||    16
